 Dungeon Crawl Stone Soup version 0.29-a0-360-g8ed1089bbe (webtiles) character file.

Game seed: 9862591903318852837

14 Zeldest the Caller (level 2, 0/22 HPs)
             Began as a Hill Orc Summoner on Apr 28, 2022.
             Slain by a kobold
             ... wielding a +0 club
              (3 damage)
             ... on level 2 of the Dungeon.
             The game lasted 00:02:47 (617 turns).

Zeldest the Caller (Hill Orc Summoner)               Turns: 617, Time: 00:02:47

Health: 0/22       AC:  2    Str: 10    XL:     2   Next: 41%
Magic:  1/4        EV: 12    Int: 15    God:
Gold:   14         SH:  0    Dex: 11    Spells: 1/4 levels left

rFire   . . .      SeeInvis .   (no weapon)
rCold   . . .      Faith    .   (no shield)
rNeg    . . .      Spirit   .   a - +0 robe
rPois   .          Reflect  .   (no helmet)
rElec   .          Harm     .   (no cloak)
rCorr   .          Rampage  .   (no gloves)
Will    .....                   (no boots)
Stlth   ++........              (no amulet)
HPRegen 0.07/turn               (no ring)
MPRegen 0.09/turn               (no ring)

@: no status effects
A: no striking features
a: no special abilities


You were on level 2 of the Dungeon.
You visited 1 branch of the dungeon, and saw 2 of its levels.

You collected 14 gold pieces.

Inventory:

Armour
 a - a +0 robe (worn)
 d - a +0 tower shield
Scrolls
 e - a scroll of brand weapon {unknown}
Potions
 b - a potion of magic
 c - a potion of haste {unknown}


   Skills:
 + Level 0.8 Fighting
 - Level 1.5 Dodging
 - Level 1.5 Stealth
 + Level 0.7 Shields
 - Level 1.5 Spellcasting
 * Level 4.2 Summonings
 + Level 0.5 Ice Magic


You had one spell level left.
You knew the following spells:

 Your Spells              Type           Power      Damage    Failure   Level
a - Call Imp              Summ           13%        N/A       6%          2
b - Summon Small Mammal   Summ           52%        N/A       4%          1

Your spell library contained the following spells:

 Spells                   Type           Power      Damage    Failure   Level
 Call Canine Familiar     Summ           13%        N/A       12%         3
 Summon Guardian Golem    Hex/Summ       7%         N/A       28%         3
 Frozen Ramparts          Ice            4%         1d2       50%         3
 Summon Ice Beast         Ice/Summ       8%         N/A       65%         4
 Summon Lightning Spire   Summ/Air       7%         N/A       67%         4
 Ice Form                 Ice/Tmut       1%         N/A       91%         4


Dungeon Overview and Level Annotations

Branches:
Dungeon (2/15)

Altars:


Message History

Your quokka barely misses the rat.
Your quokka bites the rat.
The rat dies!
You start resting.
Your quokka disappears in a puff of smoke!
Magic restored.
You start resting.
HP restored.
There is a stone staircase leading up here.
You climb upwards.
The quokka bites you. The kobold closely misses you. The hobgoblin hits you.
The quokka bites you but does no damage.
There is a stone staircase leading down, spattered with blood here.
The quokka bites you. The kobold hits you with a +0 club.
The hobgoblin hits you. The frilled lizard misses you.
You climb downwards.
There is a stone staircase leading up here.
Casting: Summon Small Mammal (safe; 4% risk of failure)
Confirm with . or Enter, or press ? or * to list all spells.
A shadowy apparition takes form in the air.
The quokka bites you but does no damage.
The kobold hits you but does no damage. The frilled lizard closely misses you.
The hobgoblin hits you.
Casting: Call Imp (safe; 6% risk of failure)
Confirm with . or Enter, or press ? or * to list all spells.
The quokka bites you but does no damage.
The kobold hits you with a +0 club.
* * * LOW HITPOINT WARNING * * *
The frilled lizard barely misses you. The hobgoblin hits you.
* * * LOW HITPOINT WARNING * * *
Your shadow imp barely misses the kobold.
The quokka bites you.
* * * LOW HITPOINT WARNING * * *
The kobold hits you but does no damage.
The frilled lizard bites you but does no damage.
The quokka barely misses you.
Your rat bites the frilled lizard.
The frilled lizard dies!
Your shadow imp misses the kobold.
The kobold hits you with a +0 club.
You die...

####### ##....r##
##.....g.##
#....@K†..#
#.....5.r.#
#.........#
..######.........#
.................#
###............##
#####.........#
..............#
...^..........#


You could see a quokka, a hobgoblin (ally target), a kobold (ally target), a
friendly shadow imp (summoned) and a friendly rat (summoned).

Vanquished Creatures (collateral kills)
  A bat (D:1)
  An endoplasm (D:2)
  2 giant cockroaches
  3 hobgoblins
  A kobold (D:1)
  A frilled lizard (D:2)
  3 rats (D:2)
12 creatures vanquished.

Vanquished Creatures (others)
  A plant (D:1)
1 creature vanquished.

Grand Total: 13 creatures vanquished

Notes
Turn   | Place    | Note
-------+----------+-------------------------------------------
     0 | D:1      | Zeldest the Hill Orc Summoner began the quest for the Orb.
     0 | D:1      | Reached XP level 1. HP: 14/14 MP: 3/3
   149 | D:1      | Reached XP level 2. HP: 22/22 MP: 1/4
   423 | D:2      | Learned a level 2 spell: Call Imp
   617 | D:2      | Slain by a kobold

Illustrated notes

Levels and vault maps discovered:
D:1:      heliophobic_arrival_glass_houses, layout_basic, serial_shops,
          nicolae_shop_waterfront, serial_forest, infiniplex_forest_zigzag_1,
          infiniplex_forest_lined_4_way, infiniplex_forest_zigzag_1,
          infiniplex_forest_clump_tiny, minivault_25, minmay_cut_off
D:2:      layout_rooms, serial_shops, shop, uniq_natasha

Action                   || total
-------------------------++-------
 Cast: Summon Small Mamm ||    15
       Call Imp          ||     2
  Use: Scroll            ||     1
Armor: Robe              ||    11
Dodge: Dodged            ||    43

Table legend: (Time is in decaauts)
 A = Elapsed time spent in this place.
 B = Non-inter-level travel time spent in this place.
 C = Inter-level travel time spent in this place.
 D = Time resting spent in this place.
 E = Time spent auto-exploring this place.
 F = Levels seen in this place.
 G = Mean time per level.
                   A        B        C        D        E       F      G
               +--------+--------+--------+--------+--------+-----+--------+
         Total |    617 |    617 |      0 |    322 |      0 |   2 |  308.5 |
       Dungeon |    617 |    617 |      0 |    322 |      0 |   2 |  308.5 |
               +--------+--------+--------+--------+--------+-----+--------+

Top non-repeatable levels by time:
     D:2: 421 daAuts
     D:1: 196 daAuts
